 Dungeon Crawl Stone Soup version 0.18-a0-1014-g3bbf375 (webtiles) character file.

40 vatarom the Covered (level 3, -4/29 HPs)
             Began as a Formicid Fighter on Jan 6, 2016.
             Killed themself with a badly aimed bolt of fire (8 damage)
             ... on level 2 of the Dungeon.
             The game lasted 00:04:38 (1377 turns).

vatarom the Covered (Formicid Fighter)              Turns: 1377, Time: 00:04:38

Health: -4/29      AC:  7    Str: 25    XL:     3   Next: 72%
Magic:  3/3        EV:  8    Int:  8    God:
Gold:   92         SH: 10    Dex: 10    Spells: 0 memorised, 2 levels left

rFire  . . .     SeeInvis +     a - +0 war axe
rCold  + . .     Gourm    .     n - +0 scale mail
rNeg   . . .     Faith    .     c - +1 shield
rPois  .         Spirit   .     (helmet unavailable)
rElec  .         Dismiss  .     (no cloak)
rCorr  .         Reflect  .     (no gloves)
SustAt .         Harm     .     (no boots)
MR     .....                    (no amulet)
Stlth  ..........               h - ring of protection from cold
                                o - ring of flight

@: mighty, not resistant to hostile enchantments, extremely unstealthy
A: permanent stasis, dig shafts and tunnels, four strong arms, antennae 3
a: Dig, Shaft Self, Evoke Flight


You were on level 2 of the Dungeon.
You were not hungry.

You visited 1 branch of the dungeon, and saw 2 of its levels.

You collected 92 gold pieces.

Inventory:

Hand Weapons
 a - a +0 war axe (weapon)
Armour
 c - a +1 shield (worn)
 k - a +0 fire dragon armour
 m - a +0 ring mail
 n - a +0 scale mail (worn)
Jewellery
 h - a ring of protection from cold (right hand)
 o - a ring of flight (left hand)
Wands
 g - a wand of random effects (15/48)
Scrolls
 i - a scroll of amnesia
 j - a scroll of identify
 l - a scroll of remove curse
Potions
 e - a potion of might
Comestibles
 d - a meat ration
 f - a bread ration
 p - 3 fruits


   Skills:
 - Level 3.2 Fighting
 + Level 3.3 Axes
 * Level 3.8 Armour
 - Level 3.6 Shields


You had 2 spell levels left.
You didn't know any spells.

Dungeon Overview and Level Annotations

Branches:
Dungeon (2/15)

Altars:
Ashenzari
Cheibriados
Dithmenos
Okawaru
Xom


Innate Abilities, Weirdness & Mutations

You are under a permanent stasis effect.
You can dig through walls and to a lower floor.
Your four strong arms can wield two-handed weapons with a shield.
You have a pair of large antennae on your head (SInv).


Message History

The gnoll hits you from afar with a halberd.
* * * LOW HITPOINT WARNING * * *
Unknown command.
The gnoll hits you from afar with a halberd.
* * * LOW HITPOINT WARNING * * *
The hobgoblin shouts!
The hobgoblin hits you but does no damage.
The hobgoblin hits you with a club.
* * * LOW HITPOINT WARNING * * *
Drink which item? (? for menu, Esc to quit)
You feel very mighty all of a sudden.
The hobgoblin hits you but does no damage.
Evoke which item? (* to show all) (? for menu, Esc to quit)
Zapping:
g - a wand of random effects {zapped: 3} (will waste charges)
Press: ? - help, Shift-Dir - straight line, f - you Really target yourself?
Uppercase [Y]es or [N]o only, please.
Really target yourself?
The bolt of fire hits you!
You die...

#.# #.#.##.....#.#g# #.#
###.#.##.#####.#.# #.#
#..............#g#
#.#########†##.#######.###
..........{......).......#
#.#########.##.#######.#.#
........# #.##.# #.#.#
#.#####.# #.##.#######.#.#
#.# #.# #.##..@g.g.#.#.#
#.# #.# #.########g#.#.#
#.# #.# #.#..........#g#
#.# ##.###.#.######g###g#
#.# #....#.#.# #g# #.# #.#
#..#.#.#.# #.###.# #.#
#..#.#[#.# #...g.# #.#
#..#...#.# ####### #.#
#..#.#)#.#


You could see 2 gnolls and a hobgoblin.

Vanquished Creatures
  2 gnolls (D:2)
  A giant gecko (D:1)
  A giant cockroach (D:1)
  A goblin (D:1)
  3 hobgoblins
  A kobold (D:2)
  2 ball pythons
  5 bats
  3 giant newts
  5 rats
24 creatures vanquished.

Notes
Turn   | Place    | Note
--------------------------------------------------------------
     0 | D:1      | vatarom the Formicid Fighter began the quest for the Orb.
     0 | D:1      | Reached XP level 1. HP: 18/18 MP: 1/1
    74 | D:1      | Reached XP level 2. HP: 22/24 MP: 2/2
   852 | D:2      | Found a shimmering altar of Xom.
   896 | D:2      | Found a shattered altar of Ashenzari.
   897 | D:2      | Found a shadowy altar of Dithmenos.
   897 | D:2      | Found a snail-covered altar of Cheibriados.
   903 | D:2      | Found an iron altar of Okawaru.
  1050 | D:2      | Reached XP level 3. HP: 29/29 MP: 3/3
  1377 | D:2      | Killed themself with a badly aimed bolt of fire

Vault maps used:
D:1:      dpeg_arrival_ternary
D:2:      xom_butterflies, minitemple

Action                   || total
-------------------------++-------
Melee: War axe           ||    61
 Abil: Dig               ||     1
Evoke: Wand              ||     1
  Use: Scroll            ||     8
       Potion            ||     5
  Eat: Beef jerky        ||     1
